 Dungeon Crawl Stone Soup version 0.26-a0-1129-gc5df7fbe6a (webtiles) character file.

Game seed: 7140974473280871981

6031 loralnil the Martial Artist (level 10, -11/91 HPs)
             Began as a Gnoll Transmuter on Dec 18, 2020.
             Was a Priest of Cheibriados.
             Blown up by an eye of devastation (37 damage)
             ... with a bolt of energy
             ... on level 2 of the Abyss.
             The game lasted 00:15:32 (9940 turns).

loralnil the Martial Artist (Gnoll Transmuter)      Turns: 9940, Time: 00:15:33

Health: -11/91     AC:  7    Str: 22    XL:     10   Next: 86%
Magic:  21/21      EV: 16    Int: 25    God:    Cheibriados [***...]
Gold:   468        SH:  0    Dex: 24    Spells: 14/24 levels left

rFire    x . .     SeeInvis +     - Unarmed
rCold    + + +     Faith    .   (shield currently unavailable)
rNeg     . . .     Spirit   .   (armour currently unavailable)
rPois    +         Reflect  .   (helmet currently unavailable)
rElec    .         Harm     .   (cloak currently unavailable)
rCorr    .         Rampage  .   (gloves currently unavailable)
Will     .....                  (boots currently unavailable)
Stlth    ++++......             (no amulet)
HPRegen  0.25/turn              B - ring of protection from cold
MPRegen  0.17/turn              K - ring of see invisible

@: ice-form, very slow
A: large, distributed training, strong nose
a: End Transformation, Renounce Religion, Bend Time, Temporal Distortion


You were on level 2 of the Abyss.
You worshipped Cheibriados.
Cheibriados was most pleased with you.
You were a creature of crystalline ice.
You visited 2 branches of the dungeon, and saw 11 of its levels.
You visited the Abyss 1 time.
You also visited: Sewer.

You collected 468 gold pieces.

Inventory:

Hand Weapons
 M - the +11 spear of the Queen {elec, +Rage Str+3 Int-3}
   (You took it off an orc on level 9 of the Dungeon)

   Occasionally, upon striking a foe, it can discharge electrical energy and
   cause terrible harm.
   It affects your strength (+3).
   It affects your intelligence (-3).
   It lets you go berserk.
Missiles
 q - 4 javelins
Armour
 c - a +1 pair of boots (melded)
 y - a +0 leather armour of fire resistance
 A - a +2 hat (melded)
 J - a +2 leather armour of cold resistance (melded)
 L - a +2 pair of gloves of dexterity (melded)
Jewellery
 b - the amulet "Etuskem" {Faith +Blink rF+ Dex-2}
   (You took it off an orc on level 9 of the Dungeon)

   [amulet of faith]

   It allows you to gain divine favour quickly.
   It affects your dexterity (-2).
   It protects you from fire.
   It lets you blink.
 B - a ring of protection from cold (left front paw)
 K - a ring of see invisible (right front paw)
Wands
 a - a wand of enslavement (7)
 C - a wand of iceblast (6)
 F - a wand of flame (13)
 H - a wand of disintegration (15)
Scrolls
 d - 11 scrolls of remove curse
 e - 5 scrolls of teleportation
 h - 4 scrolls of enchant weapon
 n - a scroll of amnesia {unknown}
 o - a scroll of enchant armour {unknown}
 p - 2 scrolls of blinking {unknown}
 r - a scroll of noise {unknown}
 s - 4 scrolls of fog
 t - 3 scrolls of magic mapping {unknown}
 v - a scroll of fear {unknown}
 z - 2 scrolls of random uselessness {unknown}
 N - a scroll of acquirement {unknown}
Potions
 g - a potion of resistance
 i - a potion of flight {unknown}
 j - 2 potions of attraction
 k - 4 potions of curing
 l - 3 potions of lignification
 m - 2 potions of mutation
 u - 3 potions of heal wounds
 w - a potion of magic {unknown}
 D - a potion of might {unknown}
 E - 2 potions of brilliance {unknown}
 G - 2 potions of ambrosia {unknown}


   Skills:
 + Level 6.3 Fighting
 + Level 5.6 Short Blades
 + Level 5.6 Long Blades
 + Level 5.6 Axes
 + Level 5.6 Maces & Flails
 + Level 5.6 Polearms
 + Level 5.6 Staves
 + Level 5.6 Slings
 + Level 5.6 Bows
 + Level 5.6 Crossbows
 + Level 5.6 Throwing
 + Level 5.6 Armour
 + Level 7.4 Dodging
 + Level 5.6 Stealth
 + Level 5.6 Shields
 + Level 8.8 Unarmed Combat
 + Level 7.6 Spellcasting
 + Level 4.7 Conjurations
 + Level 4.7 Hexes
 + Level 4.7 Summonings
 + Level 4.7 Necromancy
 + Level 4.7 Translocations
 + Level 6.1 Transmutations
 + Level 4.7 Fire Magic
 + Level 4.7 Ice Magic
 + Level 4.7 Air Magic
 + Level 4.7 Earth Magic
 + Level 4.7 Poison Magic
 + Level 6.2 Invocations
 + Level 5.6 Evocations


You had 14 spell levels left.
You knew the following spells:

 Your Spells              Type           Power        Failure   Level
a - Beastly Appendage     Tmut           80%          1%          1
b - Wereblood             Tmut           40%          1%          2
c - Spider Form           Tmut/Pois      18%          1%          3
d - Ice Form              Ice/Tmut       36%          7%          4

Your spell library contained the following spells:

 Spells                   Type           Power        Failure   Level
 Magic Dart               Conj           100%         1%          1
 Blink                    Tloc           N/A          1%          2
 Call Imp                 Summ           33%          1%          2
 Slow                     Hex            33%          1%          2
 Conjure Flame            Conj/Fire      33%          2%          3
 Mephitic Cloud           Conj/Pois/Air  33%          2%          3
 Blade Hands              Tmut           20%          14%         5


Dungeon Overview and Level Annotations

Branches:
Dungeon (10/15)            Temple (1/1) D:7            Lair (0/6) D:9
  Sewer (visited)
    Orc: D:9-12

Altars:
Cheibriados
Elyvilon
Fedhas
Gozag
Hepliaklqana
Kikubaaqudgha
Makhleb
Qazlal
Ru
Sif Muna
Trog
Uskayaw
Vehumet
Wu Jian
Xom
Yredelemnul
Zin
The Shining One

Shops:
D:4 *

Annotations:
D:10 Sonja


Innate Abilities, Weirdness & Mutations

Your experience applies equally to all skills.
((You have very sharp teeth.))
Your uncanny sense of smell can sniff out nearby items.


Message History

The ancient zyme closely misses you. x2
You punch the ancient zyme! You freeze the ancient zyme.
The ancient zyme is severely damaged.
The ancient zyme completely misses you. The ancient zyme hits you!
You hit the ancient zyme. You freeze the ancient zyme.
The ancient zyme is severely damaged.
The ancient zyme closely misses you. The ancient zyme hits you!
You punch the ancient zyme! You freeze the ancient zyme.
You destroy the ancient zyme!
Cheibriados thoroughly appreciates the change of pace.
You now have 468 gold pieces (gained 7).
Found a pair of gloves.
An eye of devastation comes into view.
Found a scroll of remove curse.
The eye of devastation gazes at you. The bolt of energy hits you!!!
* * * LOW HITPOINT WARNING * * *
The eye of devastation gazes at you. The bolt of energy hits you!!!
You die...

.? #.# . #.######.
#.....#. #......
###.[...#
#.......#
#.......##### #
###G..Y.....##.#.#
#..##.##.......#
####. ###..###.#.#
###. ##..#.# x#
#.......#.##. ....
....##..#
.........#.### #
.#.#..#. .# #. #.#
...#.#.


You could see an eye of devastation.

Vanquished Creatures
  An ugly thing (D:9)
  2 gargoyles (D:9)
  An ancient zyme (Abyss:2)
  A steam dragon (D:6)
  2 wargs (D:9)
  A water moccasin (D:9)
  3 orc warriors
  2 phantoms
  2 black bears (D:7)
  3 ice beasts
  5 ogres
  An eye of draining (D:9)
  2 centaurs
  3 big kobolds
  A bullfrog (D:9)
  2 scorpions
  8 wights
  4 killer bees (D:9)
  7 howler monkeys
  An electric eel (D:10)
  A quasit (D:9)
  6 hounds
  3 centaur zombies
  4 jellies
  5 orc priests
  2 centaur skeletons (D:9)
  3 bullfrog skeletons
  4 iguanas
  12 orc wizards
  4 worker ants
  A killer bee zombie (D:7)
  A worker ant zombie (D:9)
  9 adders
  3 gnolls (D:6)
  A river rat (Sewer)
  A shadow imp (D:5)
  2 white imps
  6 oozes
  An adder zombie (D:8)
  6 worms
  A dart slug (D:5)
  4 leopard geckos
  35 orcs
  7 giant cockroaches
  3 hobgoblins
  10 jackals
  5 quokkas
  3 ball pythons
  7 bats
  2 frilled lizards
  3 goblins
  13 kobolds
  A quokka skeleton (D:6)
  3 quokka zombies
  8 rats
232 creatures vanquished.

Notes
Turn   | Place    | Note
-------+----------+-------------------------------------------
     0 | D:1      | loralnil the Gnoll Transmuter began the quest for the Orb.
     0 | D:1      | Reached XP level 1. HP: 17/17 MP: 6/6
    67 | D:1      | Reached XP level 2. HP: 23/23 MP: 5/7
    86 | D:1      | Learned a level 2 spell: Wereblood
   770 | D:2      | Reached XP level 3. HP: 26/28 MP: 7/9
   771 | D:2      | Reached skill level 5 in Spellcasting
   884 | D:2      | Learned a level 3 spell: Spider Form
   937 | D:2      | Reached skill level 1 in Invocations
   951 | D:2      | Found a stormy altar of Qazlal.
   955 | D:2      | Found a blossoming altar of Fedhas.
  1280 | D:3      | Reached skill level 1 in Short Blades
  1280 | D:3      | Reached skill level 1 in Long Blades
  1280 | D:3      | Reached skill level 1 in Axes
  1280 | D:3      | Reached skill level 1 in Maces & Flails
  1280 | D:3      | Reached skill level 1 in Polearms
  1280 | D:3      | Reached skill level 1 in Staves
  1280 | D:3      | Reached skill level 1 in Slings
  1280 | D:3      | Reached skill level 1 in Bows
  1280 | D:3      | Reached skill level 1 in Crossbows
  1280 | D:3      | Reached skill level 1 in Throwing
  1280 | D:3      | Reached skill level 1 in Armour
  1280 | D:3      | Reached skill level 1 in Stealth
  1280 | D:3      | Reached skill level 1 in Shields
  1280 | D:3      | Reached skill level 1 in Evocations
  1418 | D:3      | Reached XP level 4. HP: 34/34 MP: 9/11
  1941 | D:4      | Reached skill level 1 in Conjurations
  1941 | D:4      | Reached skill level 1 in Hexes
  1941 | D:4      | Reached skill level 1 in Summonings
  1941 | D:4      | Reached skill level 1 in Necromancy
  1941 | D:4      | Reached skill level 1 in Translocations
  1941 | D:4      | Reached skill level 1 in Fire Magic
  1941 | D:4      | Reached skill level 1 in Ice Magic
  1941 | D:4      | Reached skill level 1 in Air Magic
  1941 | D:4      | Reached skill level 1 in Earth Magic
  1941 | D:4      | Reached skill level 1 in Poison Magic
  1992 | D:4      | Found Gozag's Platinum Reserve.
  2018 | D:4      | Reached XP level 5. HP: 40/40 MP: 7/12
  2024 | D:4      | Found an opulent altar of Gozag.
  2051 | D:4      | Noticed a +0 dagger
  2052 | D:4      | Noticed a +0 dagger
  2132 | D:4      | Found a hide-covered altar of Uskayaw.
  2198 | D:4      | Found a glowing drain.
  2208 | Sewer    | Entered a sewer
  2750 | Sewer    | Noticed a big kobold
  2752 | Sewer    | Noticed a big kobold
  2758 | Sewer    | Killed a big kobold
  2759 | Sewer    | Reached XP level 6. HP: 39/47 MP: 10/14
  2765 | Sewer    | Reached skill level 5 in Dodging
  3206 | D:4      | Reached XP level 7. HP: 52/52 MP: 12/15
  3637 | D:5      | Entered Level 5 of the Dungeon
  3653 | D:5      | Reached skill level 7 in Unarmed Combat
  4852 | D:6      | Reached XP level 8. HP: 44/60 MP: 16/16
  6038 | D:7      | Learned a level 4 spell: Ice Form
  6301 | D:7      | Found a staircase to the Ecumenical Temple.
  6325 | D:7      | Reached XP level 9. HP: 61/66 MP: 16/18
  6329 | D:7      | Reached skill level 5 in Transmutations
  6357 | Temple   | Entered the Ecumenical Temple
  6364 | Temple   | Became a worshipper of Cheibriados the Contemplative
  6683 | D:7      | Reached skill level 5 in Fighting
  7233 | D:8      | Found a radiant altar of Vehumet.
  7247 | D:8      | Reached skill level 8 in Unarmed Combat
  7327 | D:8      | Found a bloodstained altar of Trog.
  7327 | D:8      | Found an ancient bone altar of Kikubaaqudgha.
  7331 | D:8      | Found an ornate altar of the Wu Jian Council.
  7332 | D:8      | Found a hazy altar of Hepliaklqana.
  7430 | D:8      | Reached * piety under Cheibriados
  7648 | D:8      | Reached skill level 5 in Invocations
  8354 | D:9      | Reached ** piety under Cheibriados
  8389 | D:9      | Noticed a gargoyle
  8403 | D:9      | Reached XP level 10. HP: 65/74 MP: 17/20
  8598 | D:9      | Identified the +11 spear of the Queen {elec, +Rage Str+3
                  | Int-3}
  8598 | D:9      | Identified the amulet "Etuskem" {Faith +Blink rF+ Dex-2}
  8605 | D:9      | Killed a gargoyle
  8606 | D:9      | Reached skill level 5 in Short Blades
  8606 | D:9      | Reached skill level 5 in Long Blades
  8606 | D:9      | Reached skill level 5 in Axes
  8606 | D:9      | Reached skill level 5 in Maces & Flails
  8606 | D:9      | Reached skill level 5 in Polearms
  8606 | D:9      | Reached skill level 5 in Staves
  8606 | D:9      | Reached skill level 5 in Slings
  8606 | D:9      | Reached skill level 5 in Bows
  8606 | D:9      | Reached skill level 5 in Crossbows
  8606 | D:9      | Reached skill level 5 in Throwing
  8606 | D:9      | Reached skill level 5 in Armour
  8606 | D:9      | Reached skill level 5 in Stealth
  8606 | D:9      | Reached skill level 5 in Shields
  8606 | D:9      | Reached skill level 5 in Evocations
  9013 | D:9      | Found a staircase to the Lair.
  9026 | D:9      | Reached *** piety under Cheibriados
  9361 | D:9      | Noticed a green ugly thing
  9377 | D:9      | Killed a green ugly thing
  9397 | D:9      | Noticed a gargoyle
  9408 | D:9      | Killed a gargoyle
  9680 | D:10     | Entered Level 10 of the Dungeon
  9778 | D:10     | Noticed Sonja
  9794 | D:10     | Cast into level 1 of the Abyss (Sonja)
  9804 | Abyss:1  | Noticed a large abomination
  9901 | Abyss:2  | Noticed a starcursed mass
  9936 | Abyss:2  | Noticed an eye of devastation
  9940 | Abyss:2  | Blown up by an eye of devastation

Illustrated notes

Levels and vault maps discovered:
D:1:      minmay_arrival_four_loops, layout_loops_ring, serial_bayou,
          serial_bayou_pond_d, serial_bayou_pond_d, serial_bayou_pond_c,
          serial_bayou_pond_e
D:2:      layout_rooms, grunt_temple_overflow_forces_of_nature,
          solitary_fountain
D:3:      layout_basic
D:4:      layout_cave_pods, nicolae_gozag_zags_fifth_avenue,
          dancing_weapons_uskayaw, cheibrodos_sewer_entry_bend,
          minmay_splitting_lines
D:5:      layout_basic, minmay_small_thing
D:6:      layout_basic, serial_rivers, chequers_serial_rivers_micro_b,
          chequers_serial_rivers_micro_a, chequers_serial_rivers_micro_a,
          chequers_serial_rivers_small_b, chequers_serial_rivers_small_a
D:7:      layout_loops_cross, minmay_temple_entry_stoned_glass
D:8:      layout_basic, grunt_temple_overflow_open
D:9:      layout_loops_ring, erik_lair_orcish_takeover, minmay_radiant
D:10:     layout_stronghold, erik_orc_2, serial_shops, shop, basic_altar,
          uniq_sonja
Temple:   cyrus_circular_temple
Abyss:2:  base: D:3, hangedman_steaming_rock

Skill      XL: |  1  2  3  4  5  6  7  8  9 10 |
---------------+-------------------------------+-----
Spellcasting   | 5 6 7 |  7.6
Invocations    | 1 2 3 4 5 6 |  6.2
Short Blades   | 1 2 3 4 5 |  5.6
Long Blades    | 1 2 3 4 5 |  5.6
Axes           | 1 2 3 4 5 |  5.6
Maces & Flails | 1 2 3 4 5 |  5.6
Polearms       | 1 2 3 4 5 |  5.6
Staves         | 1 2 3 4 5 |  5.6
Slings         | 1 2 3 4 5 |  5.6
Bows           | 1 2 3 4 5 |  5.6
Crossbows      | 1 2 3 4 5 |  5.6
Throwing       | 1 2 3 4 5 |  5.6
Armour         | 1 2 3 4 5 |  5.6
Stealth        | 1 2 3 4 5 |  5.6
Shields        | 1 2 3 4 5 |  5.6
Evocations     | 1 2 3 4 5 |  5.6
Conjurations   | 1 2 3 4 |  4.7
Hexes          | 1 2 3 4 |  4.7
Summonings     | 1 2 3 4 |  4.7
Necromancy     | 1 2 3 4 |  4.7
Translocations | 1 2 3 4 |  4.7
Fire Magic     | 1 2 3 4 |  4.7
Ice Magic      | 1 2 3 4 |  4.7
Air Magic      | 1 2 3 4 |  4.7
Earth Magic    | 1 2 3 4 |  4.7
Poison Magic   | 1 2 3 4 |  4.7
Fighting       | 3 4 5 6 |  6.3
Transmutations | 4 5 6 |  6.1
Dodging        | 5 6 7 |  7.4
Unarmed Combat | 7 8 |  8.8

Action                   |  1- 3 |  4- 6 |  7- 9 | 10-12 || total
-------------------------+-------+-------+-------+-------++-------
Melee: Unarmed           |    59 |   114 |   393 |   155 ||   721
       Kick              |    13 |    15 |    69 |     6 ||   103
       Headbutt          |     9 |    14 |    52 |     3 ||    78
       Bite              |     3 |     4 |    33 |     1 ||    41
       Punch             |     1 |       |    13 |       ||    14
 Cast: Beastly Appendage |    16 |    21 |    44 |     2 ||    83
       Spider Form       |     1 |     5 |    16 |     2 ||    24
       Ice Form          |       |       |     2 |    10 ||    12
  Use: Scroll            |     5 |     1 |     5 |     1 ||    12
       Potion            |       |       |       |     1 ||     1
 Stab: Sleeping          |       |     3 |     4 |     5 ||    12
       Distracted        |       |       |       |     1 ||     1
Armor: Robe              |     7 |    11 |       |       ||    18
       Skin              |       |     1 |     9 |    30 ||    40
       Leather armour    |       |       |    41 |     1 ||    42
Dodge: Dodged            |    31 |    78 |   225 |   111 ||   445

Table legend: (Time is in decaauts)
 A = Elapsed time spent in this place.
 B = Non-inter-level travel time spent in this place.
 C = Inter-level travel time spent in this place.
 D = Time resting spent in this place.
 E = Time spent auto-exploring this place.
 F = Levels seen in this place.
 G = Mean time per level.
                   A        B        C        D        E       F      G
               +--------+--------+--------+--------+--------+-----+--------+
         Total |  10751 |  10360 |    391 |     58 |   8298 |  14 |  767.9 |
       Dungeon |   9678 |   9287 |    391 |     58 |   7551 |  10 |  967.8 |
        Temple |     16 |     16 |      0 |      0 |      0 |   1 |   16.0 |
         Abyss |    201 |    201 |      0 |      0 |     77 |   2 |  100.5 |
         Sewer |    855 |    855 |      0 |      0 |    670 |   1 |  855.0 |
               +--------+--------+--------+--------+--------+-----+--------+

Top non-repeatable levels by time:
     D:9: 1635 daAuts
     D:8: 1443 daAuts
     D:7: 1407 daAuts
     D:5: 1108 daAuts
     D:6: 1040 daAuts
     D:4: 945 daAuts
   Sewer: 855 daAuts
     D:1: 734 daAuts
     D:3: 720 daAuts
     D:2: 475 daAuts
    D:10: 167 daAuts
 Abyss:2: 135 daAuts
 Abyss:1: 65 daAuts
  Temple: 16 daAuts
